 Dungeon Crawl Stone Soup version 0.30-b1-2-g02819fbbbe (webtiles) character file.

Game seed: 13228413580300171309

241634 Flugkiller the Slayer (level 18, -8/185 HPs)
             Began as a Minotaur Fighter on May 9, 2023.
             Was a Priest of Cheibriados.
             Mangled by a hellephant (9 damage)
             ... on level 3 of the Depths.
             The game lasted 00:20:01 (33375 turns).

Flugkiller the Slayer (Minotaur Fighter)           Turns: 33375, Time: 00:20:02

Health: -8/185     AC: 32    Str: 36    XL:     18   Next: 65%
Magic:  10/25      EV: 16    Int: 12    God:    Cheibriados [***...]
Gold:   2104       SH: 20    Dex: 17    Spells: 17/17 levels left

rFire   + . .        M - +9 broad axe (freeze)
rCold   + . .        I - +6 kite shield of Zeyhede {rF+ Stlth+}
rNeg    . . .        r - +8 chain mail {ponderous}
rPois   +            (helmet restricted)
rElec   .            E - +0 cloak
rCorr   .            K - +2 pair of gloves
SInv    .            u - +2 pair of boots
Will    ++...        (no amulet) Stlth
                     c - ring of protection from cold
HPRegen 0.50/turn    o - ring of poison resistance
MPRegen 0.19/turn

%: no passive effects
@: studying 2 skills, very slow
A: horns 2, retaliatory headbutt, strong-willed 1
}: 2/15 runes: decaying, serpentine
a: Renounce Religion, Bend Time, Temporal Distortion


You were on level 3 of the Depths.
You worshipped Cheibriados.
Cheibriados was most pleased with you.
You visited 7 branches of the dungeon, and saw 34 of its levels.
You also visited: Ice Cave.

You collected 2881 gold pieces.
You spent 777 gold pieces at shops.

Inventory:

Hand Weapons
 M - a +9 broad axe of freezing (weapon)
   (You took it off Urug on level 2 of the Orcish Mines)
Missiles
 B - 2 throwing nets (quivered)
Armour
 r - a +8 chain mail of ponderousness (worn)
   (You bought it in a shop on level 6 of the Dungeon)
 u - a +2 pair of boots (worn)
   (You found it on level 3 of the Dungeon)
 x - a scarf of harm
   (You found it on level 8 of the Dungeon)
 E - a +0 cloak (worn)
   (You bought it in a shop on level 6 of the Dungeon)
 I - the +6 kite shield of Zeyhede (worn) {rF+ Stlth+}
   (You found it on level 11 of the Dungeon)

   rF:        It protects you from fire.
   Stlth:     It makes you more stealthy.
 K - a +2 pair of gloves (worn)
   (You found it on level 1 of the Snake Pit)
 O - a +2 plate armour of positive energy
   (You took it off an orc warrior on level 1 of the Orcish Mines)
Jewellery
 c - a ring of protection from cold (left hand)
   (You found it on level 7 of the Dungeon)
 i - a ring of see invisible
   (You found it on level 3 of the Lair of Beasts)
 k - a ring of resist corrosion
   (You took it off a naga mage on level 4 of the Snake Pit)
 m - a ring of willpower
   (You found it on level 6 of the Dungeon)
 o - a ring of poison resistance (right hand)
   (You found it on level 10 of the Dungeon)
 p - a +4 ring of protection
   (You found it on level 3 of the Lair of Beasts)
 L - a ring of willpower
   (You found it on level 1 of the Lair of Beasts)
Wands
 g - a wand of digging (2)
   (You found it on level 1 of the Snake Pit)
 j - a wand of mindburst (22)
   (You found it on level 5 of the Dungeon)
 A - a wand of iceblast (6)
   (You found it on level 3 of the Snake Pit)
 F - a wand of charming (25)
   (You found it on level 11 of the Dungeon)
 P - a wand of quicksilver (12)
   (You found it on level 4 of the Swamp)
Scrolls
 f - 3 scrolls of silence
 h - 7 scrolls of fog
 l - 8 scrolls of magic mapping
 s - a scroll of butterflies
 t - 11 scrolls of teleportation
 y - 2 scrolls of brand weapon
 z - 2 scrolls of blinking
 D - 2 scrolls of fear
 G - 4 scrolls of immolation
Potions
 a - 2 potions of ambrosia
 d - a potion of might
 e - 3 potions of cancellation
 n - a potion of resistance
 q - 7 potions of curing
 v - 10 potions of mutation
 C - 2 potions of magic
 H - 5 potions of lignification
 J - 3 potions of berserk rage
 N - a potion of attraction
 Q - 4 potions of invisibility


   Skills:
 * Level 22.5 Fighting
 * Level 19.9 Axes
 * Level 20.0 Armour
 * Level 12.5 Dodging
 + Level 14.8 Shields
 - Level 11.0 Invocations


You had 17 spell levels left.
You didn't know any spells.
Your spell library was empty.

Dungeon Overview and Level Annotations

Branches:
Dungeon (15/15)            Temple (1/1) D:7            Lair (5/5) D:11
  Swamp (4/4) Lair:3        Snake (4/4) Lair:3        Slime (0/5) Lair:4
    Orc (2/2) D:10            Elf (0/3) Orc:2        Vaults (0/5) D:14
 Depths (3/4) D:15          IceCv (visited)

Altars:
Ashenzari
Cheibriados
Dithmenos
Elyvilon
Fedhas
Hepliaklqana
Kikubaaqudgha
Nemelex Xobeh
Okawaru
Qazlal
Ru
Sif Muna
Trog
Uskayaw
Xom
Yredelemnul
Zin
The Shining One

Shops:
D:6 ([:[?   Orc:2 *([:   Depths:1 (?

Portals:
Hell: Depths:1 Depths:2
Abyss: Depths:1 Depths:3
Pandemonium: Depths:3

Annotations:
D:3 1 runed translucent door, NitroKuite's ghost, amateur MiFi
D:4 exclusion: door
D:5 1 transporter
D:8 1 runed translucent door, Subbak's ghost, novice HOCA
D:9 2 transporters, dunno567's ghost, novice DsCj
D:11 3 runed translucent doors, decrepitude's ghost, journeyman HOMo
Lair:3 3 runed translucent doors, decrepitude's ghost, journeyman MfBr
Lair:4 exclusion: oklob plant


Innate Abilities, Weirdness & Mutations

You have a pair of horns on your head.
You reflexively headbutt those who attack you in melee.
You are strong-willed. (Will+)


Message History

The tengu conjurer is heavily wounded.
The tengu conjurer misses you. You furiously retaliate!
You headbutt the tengu conjurer!
The tengu conjurer completely misses you.
The tengu conjurer closely misses you.
You miss the tengu conjurer.
You headbutt the tengu conjurer, but do no damage.
The tengu conjurer is severely wounded.
The tengu conjurer gestures wildly while chanting.
The tengu conjurer conjures a globe of magical energy!
A battlesphere comes into view.
You miss the tengu conjurer.
The tengu conjurer is severely wounded.
You slice the hellephant!! You freeze the hellephant.
The hellephant is moderately wounded.
You slice the hellephant!! You freeze the hellephant.
The hellephant blinks!
You hit the hellephant but do no damage.
The hellephant is moderately wounded.
The tengu conjurer casts a spell.
The tengu conjurer blinks!
The hellephant misses you. You block the hellephant's attack.
The hellephant gores you but does no damage.
You hit the hellephant. You freeze the hellephant.
The hellephant is moderately wounded.
You hit the hellephant. You freeze the hellephant.
The tengu conjurer gestures wildly while chanting.
The tengu conjurer blinks!
You slash the hellephant! You freeze the hellephant.
Your headbutt misses the hellephant.
The hellephant is moderately wounded.
You barely miss the hell hog. You closely miss the hellephant.
You block the hell hog's attack. The hellephant misses you.
You furiously retaliate!
You headbutt the hellephant!! The hellephant misses you.
The hellephant gores you but does no damage.
The hellephant barely misses you.
The hellephant bites you but does no damage.
The hellephant gores you but does no damage.
You closely miss the hellephant.
The hellephant is moderately wounded.
You hit the hell hog. You freeze the hell hog. You barely miss the hellephant.
You slice the battlesphere!! You freeze the battlesphere.
You destroy the battlesphere!
The hell hog bites you but does no damage.
The hellephant tramples you but does no damage.
The hellephant bites you but does no damage.
The hellephant gores you but does no damage.
The hellephant breathes flames at you. The blast of flame hits you!!!
You resist.
* * * LOW HITPOINT WARNING * * *
You are too injured to fight recklessly!
You are too injured to fight recklessly!
You barely miss the hellephant. You headbutt the hellephant!
The hellephant is moderately wounded.
You slash the hellephant! You freeze the hellephant. You slice the hell hog!!
You freeze the hell hog! You barely miss the tengu conjurer.
You block the hell hog's attack.
The hellephant tramples you but does no damage.
The hellephant misses you.
The hellephant gores you but does no damage.
The hellephant tramples you but does no damage.
You block the hellephant's attack. The hellephant closely misses you.
You block the hell hog's attack.
You can feel time thicken for a moment.
You kill the hell hog!
Cheibriados appreciates the change of pace.
You kill the tengu conjurer!
Cheibriados appreciates the change of pace.
You can now step out of the flow of time.
Cheibriados raises the support of your attributes as your movement slows.
You can no longer step out of the flow of time.
Cheibriados lowers the support of your attributes as your movement quickens.
The hellephant tramples you!!
* * * LOW HITPOINT WARNING * * *
You stumble backwards!
The hellephant tramples you!
* * * LOW HITPOINT WARNING * * *
You stumble backwards!
You can feel time thicken for a moment.
Cheibriados lowers the support of your attributes as your movement quickens.
You block the hellephant's attack. x2; The hellephant barely misses you.
The hellephant closely misses you. The hellephant bites you!
* * * LOW HITPOINT WARNING * * *
You block the hellephant's attack.
You can feel time thicken for a moment.
You can no longer inflict damage on those overly hasty.
Cheibriados lowers the support of your attributes as your movement quickens.
You block the hellephant's attack. x2
The hellephant gores you but does no damage.
The hellephant breathes flames at you. The blast of flame hits you! You resist.
* * * LOW HITPOINT WARNING * * *
Okay, then.
Okay, then.
You barely miss the hellephant.
The hellephant is severely wounded.
You slash the hellephant! You freeze the hellephant.
You block the hellephant's attack. x2
The hellephant gores you but does no damage.
The hellephant tramples you!
You die...

## #. ##.# ###
###...#####.##
........#...##
.........>...#
.#........##
#.@†?....#
#.YY†....#
#......<.#
#........#
.'........##
..#.........#
...§#......>..#
..≈ #.........#
### ........###


You could see 2 hellephants.

Vanquished Creatures
  Mara (Swamp:4)
  Bai Suzhen (Swamp:3)
  Jorgrun (Swamp:3)
  A tentacled monstrosity (Swamp:4)
  A titan (Depths:2)
  A tengu reaver (Depths:3)
  A thorn hunter (Swamp:3)
  4 storm dragons (Depths:2)
  9 nagarajas
  6 frost giants
  5 fire giants
  Louise (D:15)
  An orc warlord (Orc:2)
  10 very ugly things
  4 eleionomae
  7 stone giants
  Azrael (Orc:2)
  Nessos (D:15)
  3 bunyips
  2 spark wasps (Depths:2)
  3 ettins
  Josephine (D:15)
  5 fire dragons
  2 shambling mangroves (Swamp:4)
  A salamander tyrant (Snake:4)
  Erolcha (Orc:2)
  3 ogre magi
  2 rakshasas (Depths:1)
  5 vault guards (D:14)
  14 hydras
  6 centaur warriors
  4 ice dragons (Depths:1)
  An anaconda (Snake:3)
  3 boulder beetles
  3 alligators
  11 hell hogs
  12 naga warriors
  10 death yaks (IceCv)
  15 two-headed ogres
  A vampire mage (Depths:3)
  A spriggan berserker (Swamp:4)
  2 deep troll earth magi
  5 tengu warriors
  6 naga sharpshooters
  Urug (Orc:2)
  3 sun demons
  5 shock serpents
  An orc high priest (Orc:2)
  4 hell knights (Depths:2)
  4 soul eaters (Depths:2)
  6 spriggans
  Sonja (Lair:5)
  A spriggan druid (Swamp:4)
  Lodul (D:13)
  2 iron trolls
  A salamander mystic (Snake:2)
  3 deep trolls (Depths:2)
  5 goliath frogs
  2 skysharks
  A flayed ghost (Depths:2)
  2 glowing orange brains
  6 bog bodies
  8 swamp dragons (Swamp:4)
  4 wizards
  2 lindwurms (Lair:5)
  4 naga ritualists
  5 orc knights
  6 mana vipers
  Pikel (D:4)
  2 orc sorcerers (Orc:2)
  2 cyclopes
  A deep elf pyromancer (D:15)
  8 salamanders
  10 elephants
  11 ugly things
  A manticore (D:12)
  11 naga magi
  17 black mambas
  13 cane toads
  2 smoke demons (Depths:2)
  3 unseen horrors
  2 gargoyles
  7 rime drakes
  A yaktaur (D:14)
  2 kobold demonologists
  Maggie (D:6)
  9 komodo dragons
  2 tengu conjurers (Depths:3)
  7 polar bears
  2 meliai
  11 trolls
  13 hornets
  A wind drake (shapeshifter) (Depths:1)
  22 blink frogs
  6 tyrant leeches
  A dream sheep (Lair:3)
  Prince Ribbit (D:5)
  A centaur simulacrum (D:11)
  A culicivora (shapeshifter) (D:14)
  A shadow (D:11)
  11 slime creatures
  7 wraiths
  8 wyverns
  3 water elementals (D:15)
  3 vampires
  A basilisk (D:14)
  39 yaks
  4 fire elementals (Orc:2)
  A golden eye (shapeshifter) (D:13)
  3 steam dragons
  10 vampire mosquitoes
  Edmund (D:6)
  2 wargs (Orc:2)
  43 nagas
  19 water moccasins
  10 swamp worms
  4 hell hounds (Orc:2)
  2 acid dragons
  A sky beast (D:7)
  3 swamp drakes (Swamp:4)
  26 orc warriors
  4 black bears
  17 ogres
  23 wolves
  12 centaurs
  4 kobold brigands
  A phantom (D:7)
  22 bullfrogs
  A scorpion (D:5)
  2 gnoll sergeants
  15 wights
  11 killer bees
  4 electric eels
  2 howler monkeys
  7 crimson imps (D:14)
  2 hounds
  2 jellies (D:7)
  13 orc priests
  2 iguanas (D:5)
  21 orc wizards
  10 hell rats
  A boggart simulacrum (D:14)
  6 adders
  9 gnolls
  4 shadow imps
  19 white imps
  2 ufetubi (D:11)
  3 worms
  2 dart slugs
  78 orcs
  3 ball pythons
  8 bats
  8 endoplasms
  6 giant cockroaches
  11 goblins
  7 hobgoblins
  3 jackals
  5 quokkas
  5 frilled lizards
  20 kobolds
  12 rats
  A briar patch (Swamp:3)
  A bush (D:9)
1019 creatures vanquished.

Vanquished Creatures (others)
  A bloated husk (Swamp:2)
  A swamp drake (Swamp:4)
  2 orcs (D:6)
  A briar patch (Swamp:3)
  A bush (Lair:2)
  24 fungi
  116 plants
146 creatures vanquished.

Grand Total: 1165 creatures vanquished

Notes
Turn   | Place    | Note
-------+----------+-------------------------------------------
     0 | D:1      | Flugkiller the Minotaur Fighter began the quest for the
                  | Orb.
     0 | D:1      | Reached XP level 1. HP: 19/19 MP: 0/0
   183 | D:1      | Reached XP level 2. HP: 27/27 MP: 1/1
   293 | D:1      | Reached skill level 4 in Fighting
   754 | D:2      | Reached XP level 3. HP: 31/33 MP: 2/2
  1707 | D:3      | Reached XP level 4. HP: 41/41 MP: 3/3
  1828 | D:3      | Found a shadowy altar of Dithmenos.
  2140 | D:3      | Found a runed translucent door.
  2489 | D:3      | Noticed a black bear
  2501 | D:3      | Killed a black bear
  2502 | D:3      | Reached skill level 5 in Fighting
  2502 | D:3      | Reached skill level 5 in Armour
  2502 | D:3      | Reached XP level 5. HP: 8/48 MP: 4/4
  2822 | D:3      | Noticed NitroKuite's ghost (amateur MiFi)
  2996 | D:4      | Reached XP level 6. HP: 56/56 MP: 5/5
  2997 | D:4      | Found a bloodstained altar of Trog.
  2998 | D:4      | Noticed Pikel
  3037 | D:4      | Killed Pikel
  3038 | D:4      | Reached skill level 6 in Fighting
  3038 | D:4      | Reached skill level 5 in Axes
  3038 | D:4      | Reached skill level 5 in Shields
  3038 | D:4      | Reached XP level 7. HP: 35/64 MP: 6/6
  3224 | D:4      | Found a shimmering blue altar of Sif Muna.
  3702 | D:4      | Found a hide-covered altar of Uskayaw.
  3773 | D:5      | Entered Level 5 of the Dungeon
  3862 | D:5      | Reached skill level 7 in Fighting
  3862 | D:5      | Reached XP level 8. HP: 55/73 MP: 7/7
  4020 | D:5      | Found a broken altar of Ashenzari.
  4053 | D:5      | Identified the +5 chain mail "Uruppol" {-Tele Contam rN+++
                  | Int+7}
  4416 | D:5      | Killed an unseen horror
  4579 | D:5      | Found a sparkling altar of Nemelex Xobeh.
  4579 | D:5      | Found a transporter.
  4704 | D:6      | Noticed Prince Ribbit
  4705 | D:6      | Noticed Edmund
  4706 | D:6      | Reached skill level 8 in Fighting
  4710 | D:6      | Noticed Maggie
  4712 | D:6      | Gained mutation: You are weak. (Str -2) [potion of
                  | mutation]
  4712 | D:6      | Gained mutation: You are partially covered in iridescent
                  | scales. (AC +2) [potion of mutation]
  4712 | D:6      | Gained mutation: You are strong-willed. (Will+) [potion of
                  | mutation]
  4947 | D:6      | Reached skill level 9 in Fighting
  4947 | D:6      | Reached XP level 9. HP: 36/83 MP: 8/8
  4948 | D:6      | Killed Maggie
  4957 | D:5      | Killed Prince Ribbit
  5132 | D:6      | Killed Edmund
  5133 | D:6      | Reached skill level 10 in Fighting
  5148 | D:6      | Found Kami's Magic Scroll Shoppe.
  5153 | D:6      | Found Geni's Armour Boutique.
  5203 | D:6      | Found a snail-covered altar of Cheibriados.
  5214 | D:6      | Became a worshipper of Cheibriados the Contemplative
  5471 | D:6      | Found Axaullock's Book Emporium.
  5493 | D:6      | Found Paviro Utue's Armour Emporium.
  5543 | D:6      | Found Jian's Weapon Boutique.
  5582 | D:6      | Found a hazy altar of Hepliaklqana.
  5704 | D:6      | Found a shimmering altar of Xom.
  5771 | D:6      | Bought a scroll of enchant armour for 97 gold pieces
  5771 | D:6      | Bought a scroll of teleportation for 39 gold pieces
  5830 | D:6      | Bought a +0 cloak for 54 gold pieces
  6153 | D:7      | Identified the +4 ring mail of Mezcal {rPois rF++ Str+2}
  6277 | D:7      | Found a basalt altar of Yredelemnul.
  6285 | D:7      | Reached * piety under Cheibriados
  6286 | D:7      | Reached skill level 11 in Fighting
  6404 | D:7      | Found a staircase to the Ecumenical Temple.
  6416 | Temple   | Entered the Ecumenical Temple
  6738 | D:7      | Found a white marble altar of Elyvilon.
  6837 | D:8      | Found a sand-covered staircase.
  6868 | D:8      | Noticed a meliai
  6877 | D:8      | Killed a meliai
  6878 | D:8      | Reached skill level 1 in Invocations
  6886 | D:8      | Reached XP level 10. HP: 21/96 MP: 9/9
  7153 | D:8      | Found a stormy altar of Qazlal.
  7228 | D:8      | Found a runed translucent door.
  7236 | D:8      | Noticed Subbak's ghost (novice HOCA)
  7279 | D:8      | Reached skill level 10 in Armour
  7327 | D:8      | Reached skill level 12 in Fighting
  7334 | D:8      | Reached ** piety under Cheibriados
  7799 | D:9      | Reached skill level 10 in Axes
  8406 | D:9      | Found a transporter.
  8407 | D:9      | Noticed dunno567's ghost (novice DsCj)
  8407 | D:9      | Noticed a two-headed ogre
  8408 | D:9      | Noticed a two-headed ogre
  8408 | D:9      | Noticed a two-headed ogre
  8409 | D:9      | Noticed a two-headed ogre
  8426 | D:9      | Found a transporter.
  8440 | D:10     | Entered Level 10 of the Dungeon
  8449 | D:10     | Found a sacrificial altar of Ru.
  8471 | D:10     | Reached *** piety under Cheibriados
  8533 | D:10     | Reached skill level 13 in Fighting
  8577 | D:10     | Found a glowing silver altar of Zin.
  8864 | D:10     | Found a staircase to the Orcish Mines.
  8865 | D:10     | Found a blossoming altar of Fedhas.
  8903 | D:10     | Noticed a gargoyle
  8912 | D:10     | Killed a gargoyle
  9183 | D:10     | Reached **** piety under Cheibriados
  9424 | D:10     | Found a glowing golden altar of the Shining One.
  9663 | D:9      | Noticed a boulder beetle
  9666 | D:9      | Paralysed by a hornet for 2 turns
  9670 | D:9      | Reached XP level 11. HP: 95/107 MP: 13/13
  9873 | D:9      | Noticed a tengu warrior
  9873 | D:9      | Noticed a two-headed ogre
  9876 | D:9      | Killed a boulder beetle
  9876 | D:9      | Killed a two-headed ogre
  9877 | D:9      | Reached skill level 14 in Fighting
  9877 | D:9      | Reached skill level 5 in Invocations
  9877 | D:9      | Killed a tengu warrior
  9952 | D:9      | Noticed a centaur warrior
  9961 | D:9      | Killed a centaur warrior
 10322 | D:11     | Found a frozen archway.
 10368 | D:11     | Noticed a two-headed ogre
 10375 | D:11     | Killed a two-headed ogre
 10376 | D:11     | Reached skill level 15 in Fighting
 10393 | IceCv    | Entered an ice cave
 10465 | IceCv    | Noticed a death yak
 10465 | IceCv    | Noticed a death yak
 10480 | IceCv    | Killed a death yak
 10483 | IceCv    | Killed a death yak
 10485 | IceCv    | Reached XP level 12. HP: 25/121 MP: 15/15
 10493 | IceCv    | HP: 6/121 [yak (5)]
 10854 | IceCv    | Noticed a death yak
 10862 | IceCv    | Killed a death yak
 10862 | IceCv    | Reached ***** piety under Cheibriados
 10862 | IceCv    | Noticed a death yak
 10867 | IceCv    | Killed a death yak
 11079 | IceCv    | Noticed a frost giant
 11079 | IceCv    | Noticed a death yak
 11089 | IceCv    | Killed a death yak
 11090 | IceCv    | Reached skill level 16 in Fighting
 11098 | IceCv    | Killed a frost giant
 11205 | IceCv    | Noticed a death yak
 11205 | IceCv    | Noticed a death yak
 11205 | IceCv    | Noticed a death yak
 11218 | IceCv    | Killed a death yak
 11222 | IceCv    | Killed a death yak
 11230 | IceCv    | Killed a death yak
 11481 | IceCv    | Noticed a death yak
 11491 | IceCv    | Killed a death yak
 11623 | IceCv    | Noticed a death yak
 11638 | IceCv    | Killed a death yak
 11639 | IceCv    | Reached skill level 10 in Shields
 11885 | D:11     | Reached skill level 17 in Fighting
 11945 | D:11     | Noticed a two-headed ogre
 11951 | D:11     | Killed a two-headed ogre
 12098 | D:11     | Found a staircase to the Lair.
 12099 | D:11     | Noticed a two-headed ogre
 12105 | D:11     | Killed a two-headed ogre
 12132 | D:11     | You fall into a shaft and drop 3 floors!
 12313 | D:14     | Reached XP level 13. HP: 79/133 MP: 18/18
 12835 | D:13     | Reached ****** piety under Cheibriados
 13018 | D:13     | Noticed Lodul
 13028 | D:13     | Killed Lodul
 14154 | D:13     | Reached skill level 18 in Fighting
 15706 | D:11     | Identified the +6 kite shield of Zeyhede {rF+ Stlth+}
 15909 | D:11     | Found a runed translucent gate.
 15909 | D:11     | Found a runed translucent gate.
 15909 | D:11     | Noticed decrepitude's ghost (journeyman HOMo)
 15910 | D:11     | Found a runed translucent gate.
 16489 | D:14     | Found a gate to the Vaults.
 16563 | D:14     | Reached XP level 14. HP: 144/144 MP: 20/20
 16752 | D:15     | Entered Level 15 of the Dungeon
 16828 | D:15     | Noticed Josephine
 16843 | D:15     | Killed Josephine
 16888 | D:15     | Reached skill level 10 in Invocations
 16891 | D:15     | Reached skill level 15 in Armour
 17107 | D:15     | Identified the +4 trident of Exquisite Torment {vamp,
                  | Dex+3}
 17124 | D:15     | Reached skill level 15 in Axes
 17187 | D:15     | Noticed Nessos
 17199 | D:15     | Killed Nessos
 17277 | D:15     | Noticed Louise
 17308 | D:15     | Killed Louise
 18015 | D:15     | Found a staircase to the Depths.
 18015 | D:15     | Noticed a stone giant
 18024 | D:15     | Killed a stone giant
 18169 | D:15     | Reached skill level 1 in Dodging
 18371 | Lair:1   | Entered Level 1 of the Lair of Beasts
 18526 | Orc:1    | Entered Level 1 of the Orcish Mines
 18693 | Orc:2    | Entered Level 2 of the Orcish Mines
 18693 | Orc:2    | Noticed Urug
 18701 | Orc:2    | Killed Urug
 18769 | Orc:2    | Noticed Azrael
 18778 | Orc:2    | Reached skill level 19 in Fighting
 18784 | Orc:2    | Killed Azrael
 19011 | Orc:2    | Found a staircase to the Elven Halls.
 19019 | Orc:2    | Noticed an orc warlord
 19034 | Orc:2    | Killed an orc warlord
 19225 | Orc:2    | Found Durakhly's Book Boutique.
 19246 | Orc:2    | Found Goroily's Antique Armour Boutique.
 19253 | Orc:2    | Bought a pair of fading boots for 218 gold pieces
 19253 | Orc:2    | Identified the -1 pair of boots of the Nexus {+Blink rF+
                  | Str+6 Dex-4} (You bought it in a shop on level 2 of the
                  | Orcish Mines)
 19266 | Orc:2    | Found Viteuss's General Store.
 19346 | Orc:2    | Found Unobaog's Antique Weapon Boutique.
 19379 | Orc:2    | Noticed Erolcha
 19386 | Orc:2    | Killed Erolcha
 19743 | Orc:1    | Gained mutation: You occasionally shout uncontrollably at
                  | your foes. [mutagenic glow]
 19804 | Orc:1    | Lost mutation: You are partially covered in iridescent
                  | scales. (AC +2) [potion of mutation]
 19804 | Orc:1    | Lost mutation: You occasionally shout uncontrollably at
                  | your foes. [potion of mutation]
 19804 | Orc:1    | Lost mutation: You are weak. (Str -2) [potion of mutation]
 19804 | Orc:1    | Gained mutation: Your spells are a little harder to cast,
                  | but a little more powerful. [potion of mutation]
 19804 | Orc:1    | Lost mutation: Your spells are a little harder to cast, but
                  | a little more powerful. [potion of mutation]
 20119 | Lair:1   | Reached XP level 15. HP: 152/152 MP: 22/22
 21219 | Lair:3   | Found a staircase to the Swamp.
 21398 | Lair:3   | You fall into a shaft and drop 2 floors!
 21398 | Lair:5   | Entered Level 5 of the Lair of Beasts
 21812 | Lair:3   | Found a staircase to the Snake Pit.
 21820 | Lair:3   | Reached skill level 5 in Dodging
 22007 | Lair:3   | Found a runed translucent gate.
 22008 | Lair:3   | Found a runed translucent gate.
 22018 | Lair:3   | Found a runed translucent gate.
 22019 | Lair:3   | Noticed decrepitude's ghost (journeyman MfBr)
 22283 | Lair:4   | Found a staircase to the Slime Pits.
 23435 | Lair:5   | Noticed Sonja
 23442 | Lair:5   | Killed Sonja
 23598 | Lair:5   | Identified the +3 leather armour of Zin's Pride {Dex+3
                  | Stlth+}
 23912 | Lair:5   | Reached skill level 20 in Fighting
 24187 | Swamp:1  | Entered Level 1 of the Swamp
 24565 | Swamp:3  | Noticed a thorn hunter
 24581 | Swamp:3  | Killed a thorn hunter
 24821 | Swamp:4  | Entered Level 4 of the Swamp
 24827 | Swamp:4  | Reached XP level 16. HP: 154/162 MP: 23/23
 25190 | Swamp:4  | Noticed a tentacled monstrosity
 25195 | Swamp:4  | Killed a tentacled monstrosity
 25509 | D:6      | Bought a +8 chain mail of ponderousness for 279 gold pieces
 25754 | Swamp:3  | Noticed Jorgrun
 25771 | Swamp:3  | Killed Jorgrun
 25864 | Swamp:3  | Noticed Bai Suzhen
 25882 | Swamp:3  | Killed Bai Suzhen
 26339 | Swamp:4  | Noticed Mara
 26347 | Swamp:4  | Noticed Flugkiller's illusion
 26410 | Swamp:4  | Killed Mara
 26952 | Swamp:4  | Got a decaying rune of Zot
 27170 | Snake:1  | Entered Level 1 of the Snake Pit
 27335 | Snake:1  | Identified the +1 plate armour "Vuerijya" {rF- Regen+ Int-5
                  | Stlth+}
 27887 | Snake:3  | Reached skill level 21 in Fighting
 27929 | Snake:3  | Reached XP level 17. HP: 148/173 MP: 24/24
 28208 | Snake:4  | Entered Level 4 of the Snake Pit
 28303 | Snake:4  | Found an ancient bone altar of Kikubaaqudgha.
 28356 | Snake:4  | Reached skill level 10 in Dodging
 29804 | Snake:4  | Got a serpentine rune of Zot
 30254 | Depths:1 | Entered Level 1 of the Depths
 30296 | Depths:1 | Found Lyttoll's Magic Scroll Emporium.
 30296 | Depths:1 | Found Kytettirgh's Weapon Shoppe.
 30395 | Depths:1 | Bought a scroll of enchant weapon for 90 gold pieces
 30922 | Depths:1 | Found a one-way gate to the infinite horrors of the Abyss.
 31001 | Depths:1 | Found an iron altar of Okawaru.
 31454 | Depths:1 | Found a gateway to Hell.
 31672 | Depths:2 | Noticed a titan
 31682 | Depths:2 | Killed a titan
 31684 | Depths:2 | Reached XP level 18. HP: 63/184 MP: 19/25
 31688 | Depths:2 | Reached skill level 22 in Fighting
 31924 | Depths:2 | Found the +5 glaive of the Guard {elec, spectral, AC+5}
 33253 | Depths:3 | Found a one-way gate leading to the halls of Pandemonium.
 33348 | Depths:3 | Noticed a hellephant
 33360 | Depths:3 | Noticed a hellephant
 33373 | Depths:3 | HP: 7/185 [hellephant (10)]
 33374 | Depths:3 | HP: 1/185 [hellephant/blast of flame (7)]
 33375 | Depths:3 | Mangled by a hellephant

Illustrated notes

Levels and vault maps discovered:
D:1:      elethiomel_arrival_maze, layout_loops_ring
D:2:      kb_forest_paths, layout_basic
D:3:      layout_basic, mainiacjoe_overflow_boulevard,
          ebering_ghost_reflecting_pool
D:4:      layout_loops_ring, trog_three_pillars_becter,
          mainiacjoe_overflow_alcove_4, led_sif_book, uniq_pikel
D:5:      layout_rooms, grunt_nemelex_the_gamble,
          mainiacjoe_overflow_tiny_flanked, chequers_serial_rivers_micro_b,
          minivault_24, minmay_manual_macuahuitl
D:6:      layout_basic, slow_altar_1, lemuel_coloured_pillars_altar,
          lemuel_doored_altar, serial_shops, nicolae_take_the_stairs,
          kennysheep_mini_moat, nicolae_shop_peninsula, shop,
          nicolae_shop_behind_doors, uniq_edmund, uniq_maggie,
          uniq_prince_ribbit1
D:7:      layout_loops_ring, marbit_many_paths, mainiacjoe_overflow_24_doors,
          temple_statues
D:8:      minmay_angry_zag, layout_rooms, old_standard_altar,
          nicolae_ossuary_entry_false_entrances, ebering_ghost_reflecting_pool
D:9:      minmay_klotski, layout_loops_ring, gammafunk_ghost_smash
D:10:     layout_loops_corners, nicolae_ru_great_annihilating_truth,
          old_standard_altar, tso_altar, mainiacjoe_overflow_small_starburst,
          orc_0_dummy, enter_bailey_5, serial_park_tiny_2
D:11:     layout_loops_cross, lair_entry_dummy, serial_ice, serial_ice_c,
          serial_ice_b, serial_ice_f, serial_ice_n, portal_ice_cave_entry_imps,
          gauntlet_entry_generic, gammafunk_ghost_split,
          kennysheep_generic_room_10
D:12:     layout_loops_ring
D:13:     layout_layer_cave, special_room [special_room_orc],
          hangedman_decor_growths, uniq_lodul
D:14:     layout_roguey, grunt_vaults_entry_fortified, minmay_nine_imps
D:15:     grunt_enter_depths_snipers, layout_irregular_city, serial_bayou,
          serial_bayou_pond_e, serial_bayou_lake_a, serial_bayou_ford_a,
          serial_bayou_pond_e, uniq_josephine, uniq_louise, uniq_nessos
Temple:   hellmonk_temple_beads
Lair:1:   layout_hall_layers, cheibrodos_lair_caveside_slide,
          serial_bayou_shore_b
Lair:2:   layout_gridlike
Lair:3:   layout_regular_city, swamp_mist_pool, guppyfry_snake_entry_island,
          gammafunk_ghost_hydra_chop, wad_woods_river_01
Lair:4:   layout_long_grid, slime_entry_1
Lair:5:   minmay_lair_end_frog_pond, layout_small_grid,
          chequers_serial_rivers_marsh, nicolae_lair_lindhole, uniq_sonja
Swamp:1:  layout_basic_swamp, nicolae_swamp_ascending_descending_big,
          swamp_pool4
Swamp:2:  layout_basic_swamp, evilmike_swamp_ruin_house_1
Swamp:3:  layout_basic_swamp, hangedman_swamp_ruin_wall,
          infiniplex_staircase_pool, uniq_jorgrun, uniq_bai_suzhen
Swamp:4:  swamp_basic_johnstein, layout_basic_swamp, uniq_mara
Snake:1:  cheibrodos_snake_ritualist_ritual, layout_honeycomb,
          serial_bayou_shore_b
Snake:2:  layout_chambers, serial_bayou_shore_a, uniq_aizul
Snake:3:  layout_rooms, nicolae_snake_single_loop, drop_trap,
          nicolae_snake_gridmaze_squiggle, minmay_shop_star
Snake:4:  minmay_snake_end_coiled, layout_onion_interference, basic_altar
Orc:1:    layout_caves, mines1_david
Orc:2:    grunt_orc_cross, layout_diamond_mine, uniq_erolcha, uniq_urug,
          uniq_azrael
Depths:1: layout_basic, hangedman_abyss_or_decor_stabs,
          hangedman_abyss_entry_splay, hangedman_geh_valley, st_stairs_14,
          okawaru_trees_1, minmay_shoptagon, grunt_megastairs_3,
          serial_bayou_shore_b
Depths:2: minmay_shoctagon, layout_honeycomb, hellmouth_3,
          grunt_pan_entry_in_and_out, dk_noncrumbling_2, minivault_21
Depths:3: nicolae_cairo_tiling_very_big, layout_cave_shapes, grunt_hell_horde,
          abyss_entry, pan_entry, evilmike_ruin_ashenzari

Skill      XL: |  1  2  3  4  5  6  7  8  9 10 11 12 13 14 15 16 17 18 |
---------------+-------------------------------------------------------+-----
Armour         | 4 5 6 8 9 11 12 13 14 15 17 18 19 20 | 20.0
Fighting       | 4 5 6 7 9 11 13 15 17 18 19 20 21 22 | 22.5
Axes           | 3 4 5 6 7 9 10 12 13 14 15 17 18 19 | 19.9
Shields        | 4 5 6 7 8 9 10 11 12 13 14 | 14.8
Invocations    | 1 4 6 8 9 11 | 11.0
Dodging        | 3 7 9 11 12 | 12.5

Action                     |  1- 3 |  4- 6 |  7- 9 | 10-12 | 13-15 | 16-18 || total
---------------------------+-------+-------+-------+-------+-------+-------++-------
  Melee: War axe           |   103 |    74 |   213 |   470 |   474 |       ||  1334
         Headbutt          |     5 |     9 |    36 |   118 |   237 |   214 ||   619
         Broad axe         |       |       |       |       |   448 |   769 ||  1217
 Invoke: Slouch            |       |       |       |     2 |    15 |    15 ||    32
         Step From Time    |       |       |       |       |       |     1 ||     1
    Use: Potion            |       |     4 |     2 |     4 |     4 |     8 ||    22
         Scroll            |       |    10 |     7 |     2 |    12 |     4 ||    35
   Stab: Paralysed         |       |       |       |     1 |       |       ||     1
         Confused          |       |       |       |       |       |     1 ||     1
 Armour: Scale mail        |    47 |    11 |       |       |       |       ||    58
         Chain mail        |       |    49 |   180 |   294 |   307 |   286 ||  1116
         Plate armour      |       |       |       |       |   165 |    11 ||   176
  Dodge: Dodged            |    52 |    53 |    92 |   193 |   306 |   420 ||  1116
  Block: Buckler           |    19 |    23 |    56 |   151 |   105 |       ||   354
         Kite shield       |       |       |       |       |   725 |   806 ||  1531
